[Event "FIDE World School-ch O-17 2025"]
[Site "Vrnjacka Banja"]
[Date "2025.03.25"]
[Round "6.1"]
[White "Bogdanov, Artyom"]
[Black "Orgilon Batsaikhan"]
[Result "1-0"]
[Annotator "TA"]
[ECO "A35"]
[WhiteElo "2373"]
[BlackElo "2024"]
[PlyCount "99"]
[EventDate "2025.03.19"]
[EventType "swiss"]
[EventCountry "SRB"]
[SourceTitle "playchess.com"]
[Source "ChessBase"]
[SourceQuality "1"]
[TimeControl "5400+30"]

1. Nf3 c5 2. c4 Nc6 3. Nc3 g6 4. e3 Bg7 5. d4 cxd4 6. exd4 d6 7. Be2 Nf6 (7... e6 $14) 8. d5 $16 {[%emt 0:00:00] A35: Symmetrical English: 2 Nc3 Nc6 3 Nf3.} Nb8 9. h3 O-O 10. O-O {[%emt 0:00:00] White is better.} Na6 (10... e5 $14) 11. Re1 Bd7 12. Bf1 Rc8 $146 (12... Re8 13. Bg5 h6 14. Be3 Nc7 15. Qd2 Kh7 16. Rad1 Qb8 17. b4 b5 18. c5 a5 {1-0 Bruno,F (2421)-Xia,J (2287) ITA-ch sf 73rd 2013 (2)}) 13. Be3 e5 (13... Nc5 $14) 14. dxe6 (14. Bxa7 $142 Nh5 (14... b6 $2 15. Qb3 $18) 15. a4) 14... Bxe6 15. Nb5 d5 16. Nxa7 {[%emt 0:00:00][%csl Ob7,Od5] Black has weak pawns White is more active.} (16. Bxa7 dxc4 17. a4 Nb4 $14) 16... Ra8 17. Qb3 $36 {[%emt 0:00:00][%mdl 2048] White has some pressure.} Ne4 18. Nb5 {[%emt 0:00:00] Repels d4} (18. Qxb7 Nac5 19. Bxc5 Nxc5 $17) ({Better is} 18. Rad1 $16) 18... Nec5 (18... dxc4 $14 19. Bxc4 Nec5) 19. Qa3 b6 {[%emt 0:00:55] [#]} 20. Bd4 (20. cxd5 $1 $18 Bxd5 21. Rad1) 20... Bh6 (20... dxc4 $16 21. Rad1 Nd3 22. Bxd3 cxd3 23. Rxd3 (23. Bxg7 Kxg7 24. Nbd4 Nc5 $16) 23... Bxd4) 21. Qc3 Ne4 22. Qc2 Bf5 (22... Nb4 $142 23. Qe2 Rxa2 24. Rxa2 Nxa2) 23. cxd5 Nb4 $2 (23... Nd2 24. Qd1 Nxf1) 24. Qb3 $18 Nxd5 25. Rad1 Nf4 26. Be5 Qc8 27. Nbd4 Nc5 {[%emt 0:02:40] [#]} 28. Nxf5 $1 Qxf5 29. Qxb6 Nce6 30. Qb3 Qh5 (30... Rfc8 $142 31. a3 Nc5) 31. Nh2 Bg7 32. Bxg7 Kxg7 33. Ng4 Qc5 34. Rc1 Qa5 35. a3 h5 36. Ne5 Rac8 {[%emt 0:00:00] Strongly threatening ...Rxc1.} 37. Nc4 Qg5 38. Qc3+ Kh7 39. Qg3 Qf6 40. Qc3 Qg5 41. Qg3 Qf6 42. Qe3 Rc5 $2 (42... Kg7 {was called for.} 43. Rcd1 Rfd8) 43. Ne5 Rxc1 44. Rxc1 {[%emt 0:00:20] aiming for Nd7.} Re8 45. Re1 Qf5 46. Qe4 Qg5 $2 (46... Qxe4 47. Rxe4 Kg7) 47. g3 {[%emt 0:00:19][%cal Bg2g3,Bg3f4][%mdl 32] White is clearly winning.} Kg7 48. Nf3 Qc5 49. gxf4 Nc7 50. Qc4 {[%emt 0:00:18] Weighted Error Value: White=0.45/Black=0.50  Mistake:       	White=3     	Black=9      Inaccurate:     	White=3     	Black=1      OK:         	White=14    	Black=10     Best:        	White=1     	Black=2} 1-0

[Event "FIDE World School-ch O-17 2025"]
[Site "Vrnjacka Banja"]
[Date "2025.03.25"]
[Round "6.2"]
[White "Elmirzaev, Khondamir"]
[Black "Kazhmuratov, Altair"]
[Result "0-1"]
[Annotator "NA RC"]
[ECO "E73"]
[WhiteElo "2036"]
[BlackElo "1971"]
[PlyCount "119"]
[EventDate "2025.03.19"]
[EventType "swiss"]
[EventCountry "SRB"]
[SourceTitle "playchess.com"]
[Source "ChessBase"]
[SourceQuality "1"]
[TimeControl "5400+30"]

1. d4 Nf6 2. c4 g6 3. Nc3 Bg7 4. e4 d6 5. Be2 O-O 6. h4 h5 7. Bg5 Nbd7 8. Nh3 c5 9. d5 Ne5 10. Qd2 a6 11. f3 Rb8 12. a4 Qa5 13. Nd1 Qxd2+ 14. Bxd2 e6 15. a5 exd5 16. cxd5 Bd7 17. Nhf2 Bb5 18. Ne3 Rfe8 19. Ra3 b6 20. axb6 Rxb6 21. Nfd1 Nfd7 22. Ra2 Nd3+ 23. Kf1 Reb8 24. b3 N7e5 25. Nc3 Nb4 26. Ra5 Bxe2+ 27. Kxe2 Nbd3 28. Ned1 Rxb3 29. Rxa6 Nb2 30. Nxb2 Rxb2 31. Nd1 Bh6 32. Nxb2 Rxb2 33. Rd1 Nc4 34. Kd3 Nxd2 35. e5 dxe5 36. Kc3 Rb3+ 37. Kc2 Rb4 38. d6 Rc4+ 39. Kd3 Rd4+ 40. Ke2 c4 41. g3 c3 42. Rc6 c2 43. Rxc2 Rxd6 44. f4 exf4 45. gxf4 Bxf4 46. Rc8+ Kg7 47. Ra1 Nb3 48. Raa8 Nd4+ 49. Kf1 Nf5 50. Rg8+ Kf6 51. Ra7 Re6 52. Rf8 Re7 53. Ra4 Bg3 54. Kg2 Bxh4 55. Rc8 Bg3 56. Rc6+ Kg5 57. Ra2 h4 58. Kh3 Re1 59. Kg2 h3+ 60. Kf3 0-1

[Event "FIDE World School-ch O-17 2025"]
[Site "Vrnjacka Banja"]
[Date "2025.03.25"]
[Round "6.3"]
[White "Topuz, Mirac Melih"]
[Black "Yildiz, Egehan"]
[Result "1-0"]
[Annotator "NA RC"]
[ECO "A84"]
[WhiteElo "2113"]
[BlackElo "2204"]
[PlyCount "95"]
[EventDate "2025.03.19"]
[EventType "swiss"]
[EventCountry "SRB"]
[SourceTitle "playchess.com"]
[Source "ChessBase"]
[SourceQuality "1"]
[TimeControl "5400+30"]

1. d4 d5 2. c4 e6 3. Nc3 c6 4. e3 f5 5. g4 Nf6 6. h3 Ne4 7. gxf5 exf5 8. Nxe4 dxe4 9. Bd2 Be6 10. Qc2 Na6 11. a3 Nc7 12. Ne2 Bd6 13. O-O-O b5 14. d5 cxd5 15. c5 Be5 16. Bc3 Qf6 17. Bxe5 Qxe5 18. Rg1 O-O 19. h4 b4 20. axb4 a5 21. bxa5 Rxa5 22. Nd4 f4 23. Qc3 Ra1+ 24. Kc2 Rxd1 25. Kxd1 fxe3 26. fxe3 g6 27. Be2 Qh2 28. Qe1 Ra8 29. Kd2 Ra5 30. Qg3 Qxg3 31. Rxg3 Bd7 32. Rg1 Kf7 33. Rc1 Ke7 34. b4 Ra2+ 35. Rc2 Rxc2+ 36. Kxc2 Ne6 37. Kc3 h6 38. Nxe6 Bxe6 39. Kd4 Kd7 40. b5 Kc7 41. Ke5 Bh3 42. Kxd5 Bg2 43. b6+ Kb7 44. Kd6 g5 45. hxg5 hxg5 46. Bc4 g4 47. Bd5+ Kc8 48. c6 1-0

[Event "FIDE World School-ch O-17 2025"]
[Site "Vrnjacka Banja"]
[Date "2025.03.25"]
[Round "6.4"]
[White "Taran, Egor A"]
[Black "Panda, Barnabas"]
[Result "1-0"]
[Annotator "NA RC"]
[ECO "B56"]
[WhiteElo "1961"]
[BlackElo "2147"]
[PlyCount "81"]
[EventDate "2025.03.19"]
[EventType "swiss"]
[EventCountry "SRB"]
[SourceTitle "playchess.com"]
[Source "ChessBase"]
[SourceQuality "1"]
[TimeControl "5400+30"]

1. e4 c5 2. Nf3 d6 3. d4 cxd4 4. Nxd4 Nf6 5. Nc3 Nc6 6. f3 e5 7. Nb3 Be6 8. Be3 Be7 9. Nd5 O-O 10. c3 Ne8 11. Be2 f5 12. exf5 Rxf5 13. O-O Nc7 14. c4 Bg5 15. Bf2 Rf8 16. Bd3 Ne7 17. Be4 Ncxd5 18. cxd5 Bd7 19. Qd3 g6 20. a4 Kg7 21. Nd2 Nf5 22. Nc4 b5 23. axb5 Bxb5 24. b3 Qc7 25. Rfe1 Nd4 26. h4 Bf6 27. Rec1 Qe7 28. g3 Rfc8 29. Kg2 Qd7 30. h5 Nf5 31. g4 Ne7 32. Be3 g5 33. Bxh7 Nxd5 34. Bf5 Bxc4 35. bxc4 Nxe3+ 36. Qxe3 Qb7 37. Bxc8 Qb2+ 38. Qf2 Qxf2+ 39. Kxf2 Rxc8 40. Rxa7+ Kf8 41. Rb1 1-0

[Event "FIDE World School-ch O-17 2025"]
[Site "Vrnjacka Banja"]
[Date "2025.03.25"]
[Round "6.5"]
[White "Gusev, Mikhail"]
[Black "Ljepic, Andrej"]
[Result "0-1"]
[Annotator "TA"]
[ECO "B42"]
[WhiteElo "2250"]
[BlackElo "2337"]
[PlyCount "66"]
[EventDate "2025.03.19"]
[EventType "swiss"]
[EventCountry "SRB"]
[SourceTitle "playchess.com"]
[Source "ChessBase"]
[SourceQuality "1"]
[TimeControl "5400+30"]

1. e4 c5 2. Nf3 e6 3. d4 cxd4 4. Nxd4 a6 5. Bd3 Bc5 6. Nb3 Ba7 7. O-O Nc6 8. Qg4 Nf6 9. Qxg7 Rg8 10. Qh6 Ne5 {[%emt 0:04:57] B42: Sicilian: Kan Variation: 5 Bd3.} 11. h3 $146 (11. Nc3 $16) ({Predecessor:} 11. Be2 Nxe4 12. Be3 Bb8 13. Nc3 Nf6 14. Bg5 Nfg4 15. Bxd8 Nxh6 16. Bb6 d5 17. Rfe1 Nf5 18. Nd4 {0-1 Morozevich,A (2676)-Andreikin,D (2708) RUS-ch blitz 2017 (19)}) 11... Rg6 $1 $11 12. Qf4 {[%emt 0:01:14] Dodges Nf3+} Bb8 {[%emt 0:01:16] [#] Hoping for ...Nxd3. Black is slightly better.} 13. Qe3 Qc7 {[%emt 0:01:03][%cal Oe5f3] ( -> ...Nf3+!)} 14. Rd1 $2 (14. f4 $15 Ba7 15. Nd4) 14... Nxd3 $19 15. cxd3 Qh2+ 16. Kf1 Qxg2+ ({Not} 16... Rxg2 17. Qf3 Rg6 18. Nc3 $15) 17. Ke2 $2 (17. Ke1) 17... Rg3 {[%emt 0:00:54] Black is clearly winning.} 18. Qd4 Qf3+ 19. Kd2 Ba7 (19... Rxh3 $2 20. Kc2 Ba7 21. Qe5 $19) 20. fxg3 Bxd4 21. Nxd4 Qf2+ ({Don't take} 21... Qxg3 22. Ne2 Qxh3 23. Kc2 $19) 22. Kc3 d5 23. e5 {[%emt 0:02:11] [#]} Bd7 $1 24. exf6 (24. Kb3 Qxd4) 24... Rc8+ (24... Qxg3 25. Ne2 d4+ (25... Qxh3 $2 26. Kd2 $19) 26. Kd2 Qg5+ (26... Qxh3 $2 27. Na3 $19) 27. Ke1 Qh4+ (27... Qxf6 $2 28. Bf4 $19) 28. Kd2 $19) 25. Kb3 Qxd4 26. a4 {[%emt 0:00:03] White is weak on the light squares} Qb6+ 27. Ka3 Qc5+ 28. Ka2 Bxa4 {[%emt 0:00:09][%cal Oc5b4] ( -> ...Qb4!)} 29. Re1 Qb4 30. Nd2 {[%emt 0:00:46] Prevents Qb3+.} Bc2 31. b3 Qa5+ 32. Kb2 Qc3+ 33. Ka2 Rc5 {[%emt 0:00:23] White did not feel at home in the position after the opening.   Weighted Error Value: White=1.02/Black=0.20 (precise)   Loses game:     	White=1     	---        Mistake:       	White=2     	---        Inaccurate:     	White=1     	---        OK:         	White=1     	Black=6      Best:        	White=1     	Black=3      Strong:       	---       	Black=1} 0-1

[Event "FIDE World School-ch O-17 2025"]
[Site "Vrnjacka Banja"]
[Date "2025.03.25"]
[Round "6.6"]
[White "Milanovic, Marko"]
[Black "Adithya A Chullikkad"]
[Result "1/2-1/2"]
[Annotator "TA"]
[ECO "B31"]
[WhiteElo "2271"]
[BlackElo "2101"]
[PlyCount "158"]
[EventDate "2025.03.19"]
[EventType "swiss"]
[EventCountry "SRB"]
[SourceTitle "playchess.com"]
[Source "ChessBase"]
[SourceQuality "1"]
[TimeControl "5400+30"]

1. e4 c5 2. Nf3 Nc6 3. Bb5 g6 4. O-O Bg7 5. Re1 e5 6. c3 Nge7 7. Na3 O-O 8. Nc2 d5 9. exd5 {[%emt 0:07:39] B31: Sicilian: 2...Nc6 3 Bb5 g6.} Qxd5 10. d3 h6 {[%emt 0:14:23] Dodges Ng5} 11. a4 Qd6 12. Ne3 Be6 $146 (12... a6 13. Bc4 Na5 14. Qe2 Be6 15. Bxe6 Qxe6 16. h3 f5 17. Nc2 Nec6 18. Bf4 Qb3 {0-1 Martos Martin,D (1177)-Delgado Torra,B (1531) Llinars del Valles op 1st 2021 (5)}) 13. Qe2 Rad8 14. a5 a6 15. Bc4 Nd5 16. Nxd5 Bxd5 17. Be3 f5 18. Nd2 Ne7 (18... Bxc4 $11 {might be stronger.} 19. Nxc4 Qd5) 19. Nb3 $14 Rc8 20. f4 Bxc4 (20... exf4 $14 21. Bxc5 Rxc5 22. Qxe7 Rc6) 21. dxc4 $16 exf4 $2 (21... Rc6 $16 22. fxe5 Qc7) 22. Bxc5 $2 ({White must play} 22. Rad1 $18 Qe5 23. Bxc5 Rxc5 24. Qf2 Rxa5 25. Nxa5) 22... Rxc5 $14 23. Qxe7 (23. Rad1 Nd5 24. Kf1 Qc6 25. cxd5 Rxd5 26. Rxd5 Qxd5 27. Qe6+) 23... Qxe7 24. Rxe7 Rxc4 25. Rd1 Re4 26. Rxb7 Rfe8 27. Rbd7 Bf6 28. Nc5 Re2 29. R7d2 $1 Bh4 30. Rxe2 Rxe2 {[%emt 0:00:02][%mdl 4096] Endgame KRB-KRN} 31. Nd3 (31. Nxa6 Bf2+ 32. Kh1 (32. Kf1 Rxb2 33. g3 Be3 $15) 32... Rxb2 $11) (31. b4 $16) 31... g5 (31... Bf6 $11) 32. b4 ({White should try} 32. c4 $14) 32... Rc2 $11 33. Rc1 Rd2 34. Ne5 (34. Ne1 $1 $11) 34... g4 ({Black should play} 34... Bf2+ $1 $15 35. Kh1 Kg7) 35. c4 {[%emt 0:00:35] [#]} (35. Nc4 $11 {keeps the balance.} Rd8 36. Kf1) 35... Bf2+ $1 $17 36. Kh1 {[%emt 0:00:09] [#]} Bd4 (36... Be3 $1 $17 {...Kg7 is the strong threat.} 37. Rb1 Ra2) 37. Nc6 $11 {[%emt 0:00:33] Nxd4 is the strong threat. The position is equal.} Be3 38. Rb1 f3 39. gxf3 gxf3 40. Ne7+ (40. b5 axb5 41. Ne7+ (41. cxb5 Bf4 $11) 41... Kh7 42. cxb5 Bf4) 40... Kf7 41. Nxf5 Bf4 42. Ng3 $1 Rc2 43. Rf1 (43. b5 Rxc4 44. bxa6 Ra4 45. Rf1) 43... Rxc4 (43... Ke6 {keeps more tension.} 44. b5 Rxc4 45. bxa6 Ra4) 44. Rxf3 Ke6 45. Rb3 Bd6 46. b5 axb5 47. Rxb5 Rc5 48. Rxc5 Bxc5 {[%emt 0:00:03] KB-KN. White is a pawn up.} 49. Kg2 Kd5 50. Nf5 Bf8 51. Kf3 Kc5 52. Kg4 Kb5 53. Kh5 Kxa5 54. Kg6 Kb5 55. Nxh6 Be7 56. Nf7 Bh4 57. Kh5 Be1 58. Ne5 Kb6 59. Nd3 Bd2 60. h4 Kc7 61. Kg6 Kd8 62. Kf7 $1 Be3 63. h5 Bd2 64. Nc5 Be3 65. Ne4 Bc1 66. Nf6 Bd2 67. Ng4 Bc1 68. Ne5 $1 Bd2 69. Nc6+ Kd7 70. Nd4 Kd8 71. Nf3 Bc1 72. Nd4 Bd2 73. Nf5 Bc1 74. Ng7 Bd2 75. Ke6 Bc1 76. Nf5 Ke8 77. Kf6 Kf8 78. Kg6 Kg8 79. Nd6 Bd2 {[%emt 0:00:09] Weighted Error Value: White=0.21 (precise) /Black=0.16 (very precise)   Loses game:     	---       	Black=1      Missed win:     	White=1     	---        Mistake:       	White=4     	Black=5      Inaccurate:     	White=4     	Black=3      OK:         	White=18    	Black=26     Best:        	White=5     	Black=2      Strong:       	White=4     	Black=1} 1/2-1/2

[Event "FIDE World School-ch O-17 2025"]
[Site "Vrnjacka Banja"]
[Date "2025.03.25"]
[Round "6.7"]
[White "Andjelkovic, Aleksandar M"]
[Black "Amankos, Zhanbolat"]
[Result "1/2-1/2"]
[Annotator "NA RC"]
[ECO "E10"]
[WhiteElo "1930"]
[BlackElo "1954"]
[PlyCount "148"]
[EventDate "2025.03.19"]
[EventType "swiss"]
[EventCountry "SRB"]
[SourceTitle "playchess.com"]
[Source "ChessBase"]
[SourceQuality "1"]
[TimeControl "5400+30"]

1. d4 Nf6 2. Nf3 e6 3. c4 Nc6 4. d5 exd5 5. cxd5 Bb4+ 6. Nc3 Ne7 7. e4 O-O 8. Bd3 d6 9. h3 Ng6 10. O-O Bxc3 11. bxc3 Re8 12. Re1 Nd7 13. Bb5 a6 14. Ba4 h6 15. Nd4 b5 16. Bc2 Nc5 17. Nc6 Qh4 18. Qd4 Bf5 19. Bxh6 Qxh6 20. exf5 Nf4 21. Kf1 Qg5 22. g3 Nxh3 23. Kg2 Qh5 24. Rh1 Qe2 25. Rxh3 Qxc2 26. Rah1 f6 27. Qg4 Qe4+ 28. Qxe4 Nxe4 29. Nd4 Kf7 30. Ne6 Rg8 31. Rh7 Ng5 32. Nxg5+ fxg5 33. R1h6 Rae8 34. Re6 Rh8 35. Rh3 a5 36. f4 gxf4 37. g4 Rxh3 38. Kxh3 Rh8+ 39. Kg2 Rh4 40. Kf3 Rh3+ 41. Kxf4 Rxc3 42. g5 Rc4+ 43. Re4 Rc2 44. a3 b4 45. axb4 a4 46. b5 a3 47. Ra4 a2 48. b6 Rc4+ 49. Rxc4 a1=Q 50. Rxc7+ Kf8 51. b7 Qd4+ 52. Kg3 Qe5+ 53. Kg4 Qe4+ 54. Kg3 Qe1+ 55. Kg4 Qd1+ 56. Kf4 Qa4+ 57. Kf3 Qb3+ 58. Kf4 Qb4+ 59. Kf3 Qb3+ 60. Kf4 Qa4+ 61. Kf3 Qd1+ 62. Kf4 Qd4+ 63. Kg3 Qg1+ 64. Kf4 Qf2+ 65. Kg4 Qd4+ 66. Kg3 Qg1+ 67. Kf4 Qh2+ 68. Kg4 Qe2+ 69. Kf4 Qe5+ 70. Kg4 Qe4+ 71. Kg3 Qe1+ 72. Kg4 Qg1+ 73. Kh4 Qe1+ 74. Kh5 Qe8+ 1/2-1/2

[Event "FIDE World School-ch O-17 2025"]
[Site "Vrnjacka Banja"]
[Date "2025.03.25"]
[Round "6.8"]
[White "Hansana, K V Tharuka"]
[Black "Brankovic, Uros"]
[Result "0-1"]
[Annotator "NA RC"]
[ECO "B13"]
[WhiteElo "1674"]
[BlackElo "1966"]
[PlyCount "88"]
[EventDate "2025.03.19"]
[EventType "swiss"]
[EventCountry "SRB"]
[SourceTitle "playchess.com"]
[Source "ChessBase"]
[SourceQuality "1"]
[TimeControl "5400+30"]

1. d4 d5 2. Bf4 c5 3. e3 Nc6 4. Nf3 cxd4 5. exd4 Bf5 6. c3 e6 7. Qb3 Qd7 8. Bb5 Bd6 9. Ne5 Qc7 10. O-O f6 11. Nxc6 bxc6 12. Bxd6 Qxd6 13. Qa3 Qd7 14. Ba4 Ne7 15. Nd2 Kf7 16. Nb3 h5 17. Rfe1 Rh6 18. Re3 Qc7 19. Rae1 Re8 20. Qc5 Rg6 21. Na5 Rc8 22. c4 h4 23. Rb3 Qf4 24. Nxc6 Nxc6 25. Bxc6 Be4 26. g3 hxg3 27. fxg3 Qd2 28. Rxe4 dxe4 29. Qd6 Qe1+ 30. Kg2 Qe2+ 31. Kg1 Rf8 32. Qd7+ Kg8 33. Qxe6+ Kh8 34. Qxe4 Qd1+ 35. Kg2 f5 36. Qe7 Rgf6 37. d5 f4 38. gxf4 Qd2+ 39. Kg1 Qxf4 40. Rh3+ Kg8 41. Qe2 Qd4+ 42. Re3 Rf3 43. Bd7 Rxe3 44. Be6+ Rxe6+ 0-1